 Dungeon Crawl Stone Soup version 0.31-a0-133-gaae73658be (webtiles) character file.

Game seed: 16184330289009889918

106954 jasper the Spry (level 15, -14/85 HPs)
             Began as a Spriggan Venom Mage on June 2, 2023.
             Was the Champion of Vehumet.
             Demolished by Agnes
             ... wielding a +1 lajatang of pain
              (36 damage)
             ... on level 15 of the Dungeon.
             The game lasted 01:05:22 (24467 turns).

jasper the Spry (Spriggan Venom Mage)              Turns: 24467, Time: 01:05:23

Health: -14/85     AC:  7    Str:  4    XL:     15   Next: 99%
Magic:  23/32      EV: 27    Int: 42    God:    Vehumet [******]
Gold:   1961       SH:  0    Dex: 16    Spells: 0/38 levels left

rFire   . . .        l - staff of poison "Daoscher" {*Corrode rPois Int+6}
rCold   . . .        (shield currently unavailable)
rNeg    . . .        i - +0 steam dragon scales
rPois   +            (helmet restricted)
rElec   .            s - +1 cloak
rCorr   .            (gloves unavailable)
SInv    +            (boots unavailable)
Will    ++...        n - amulet of magic regeneration
Stlth   ++++         W - +6 ring of intelligence
HPRegen 0.34/turn    G - +6 ring of intelligence
MPRegen 0.63/turn

%: corrode self (3%)
@: very quick
A: very small, no large weapons, unfitting armour, see invisible, speed 3
a: Renounce Religion


You were on level 15 of the Dungeon.
You worshipped Vehumet.
Vehumet was exalted by your worship.
You visited 3 branches of the dungeon, and saw 22 of its levels.

You collected 3458 gold pieces.
You spent 1497 gold pieces at shops.

Inventory:

Missiles
 F - 5 throwing nets
Armour
 i - +0 steam dragon scales (worn)
 s - a +1 cloak (worn)
 R - a +2 robe of cold resistance
Magical Staves
 l - the staff of poison "Daoscher" (weapon) {*Corrode rPois Int+6}
   (You acquired it on level 12 of the Dungeon)

   [staff of poison]

   Base accuracy: +5 Base damage: 5 Base attack delay: 1.2 This weapon's minimum
   attack delay (0.6) is reached at skill level 12.
   Int:       It affects your intelligence (+6).
   rPois:     It protects you from poison.
   *Corrode:  It may corrode you when you take damage.
   It falls into the 'Staves' category.
   It is a two-handed weapon.
 y - a staff of conjuration
Jewellery
 g - a ring of protection from cold
 n - an amulet of magic regeneration (around neck)
 o - a ring of protection from cold
 v - a ring of magical power
 G - a +6 ring of intelligence (right hand)
 P - a ring of resist corrosion
 Q - a ring of ice
 S - a ring of flight
 W - a +6 ring of intelligence (left hand)
Wands
 h - a wand of digging (10)
 u - a wand of paralysis (17)
 B - a wand of flame (44)
 L - a wand of light (20)
 T - a wand of iceblast (19)
Scrolls
 a - a scroll of vulnerability
 c - 4 scrolls of poison
 e - 4 scrolls of blinking
 m - 2 scrolls of amnesia
 p - 5 scrolls of enchant weapon
 t - 7 scrolls of teleportation
 w - a scroll of enchant armour
 x - 4 scrolls of fear
 C - 3 scrolls of fog
 E - 3 scrolls of magic mapping
 I - a scroll of silence
 J - a scroll of summoning
 K - a scroll of identify
 Y - a scroll of torment
 Z - 3 scrolls of immolation
Potions
 b - 3 potions of magic
 d - 6 potions of enlightenment
 f - 6 potions of heal wounds
 j - 2 potions of lignification
 k - 6 potions of curing
 q - a potion of invisibility
 r - 6 potions of degeneration
 A - 5 potions of attraction
 D - a potion of haste
 M - a potion of cancellation
 N - 8 potions of ambrosia
 O - a potion of berserk rage
 U - a potion of mutation
 V - 2 potions of brilliance
 X - 2 potions of might
Miscellaneous
 z - a phantom mirror
 H - a lightning rod (4/4)


   Skills:
 - Level 12.3 Fighting
 - Level 15.2 Dodging
 - Level 8.0 Stealth
 + Level 12.2 Spellcasting
 - Level 12.0 Conjurations
 - Level 3.1 Hexes
 + Level 7.5 Summonings
 + Level 7.8 Translocations
 - Level 1.3 Transmutations
 - Level 2.0 Fire Magic
 - Level 2.0 Air Magic
 - Level 7.0 Poison Magic


You couldn't memorise any spells.
You knew the following spells:

 Your Spells              Type           Power      Damage    Failure   Level
a - Spellforged Servitor  Conj/Summ      41%        N/A       5%          7
b - Summon Mana Viper     Hex/Summ       63%        N/A       3%          5
c - Mephitic Cloud        Conj/Pois/Air  91%        N/A       1%          3
d - Olgreb's Toxic Radia  Pois           91%        N/A       1%          4
e - Blink                 Tloc           100%       N/A       1%          2
f - Malign Gateway        Summ/Tloc      37%        N/A       41%         7
g - Ignite Poison         Fire/Tmut/Pois 70%        N/A       1%          3
h - Orb of Destruction    Conj           45%        9d12      2%          7

Your spell library contained the following spells:

 Spells                   Type           Power      Damage    Failure   Level
 Freezing Cloud           Conj/Ice/Air   29%        6-21      1%          5
 Searing Ray              Conj           100%       2d8       0%          2
 Sting                    Tmut/Pois      100%       1d8       1%          1
 Ensorcelled Hibernation  Hex/Ice        78%        N/A       1%          2
 Lesser Beckoning         Tloc           100%       N/A       1%          2
 Momentum Strike          Conj/Tloc      100%       3d10      1%          2
 Passwall                 Tmut/Erth      25%        N/A       1%          2
 Poisonous Vapours        Pois/Air       100%       N/A       1%          2
 Static Discharge         Conj/Air       100%       2-7/arc   1%          2
 Dazzling Flash           Conj/Hex       100%       N/A       1%          3
 Summon Guardian Golem    Hex/Summ       63%        N/A       1%          3
 Swiftness                Air            42%        N/A       1%          3
 Airstrike                Air            21%        2d(3-19)  1%          4
 Summon Lightning Spire   Summ/Air       60%        N/A       1%          4
 Summon Forest            Summ/Tloc      37%        N/A       1%          5
 Ozocubu's Armour         Ice            25%        N/A       3%          3
 Summon Cactus Giant      Summ           36%        N/A       9%          6
 Petrify                  Tmut/Erth      31%        N/A       10%         4
 Silence                  Hex/Air        23%        N/A       12%         5
 Metabolic Englaciation   Hex/Ice        19%        N/A       19%         5
 Agony                    Necr           25%        N/A       34%         5
 Statue Form              Tmut/Erth      20%        N/A       82%         6
 Ozocubu's Refrigeration  Ice            12%        4d10      92%         7
 Summon Horrible Things   Summ           36%        N/A       98%         8


Dungeon Overview and Level Annotations

Branches:
Dungeon (15/15)            Temple (0/1) D:6            Lair (5/5) D:8
  Swamp (0/4) Lair:3       Spider (0/4) Lair:3        Slime (0/5) Lair:5
    Orc (2/2) D:10            Elf (0/3) Orc:2        Vaults (0/5) D:13
 Depths (0/4) D:15

Altars:
Ashenzari
Cheibriados
Dithmenos
Elyvilon
Kikubaaqudgha
Qazlal
Sif Muna
Trog
Vehumet
Wu Jian
Xom
Yredelemnul
Zin
The Shining One
Jiyva

Shops:
D:2 [   D:12 [:[[?   Orc:2 (=:[

Portals:
Abyss: Lair:2

Annotations:
D:3 1 runed translucent door, deremet's ghost, amateur GrEE
D:5 Menkaure
D:9 3 transporters, 1 runed translucent door, gelatine's ghost, novice DsFi
D:10 3 runed translucent doors, SecretSquirrel's ghost, journeyman VSGl; ZoeForever1's ghost, novice DEFE; samgaumpmail's ghost, journeyman TrGl
D:15 Agnes
Lair:1 2 transporters, TittyCrusher's ghost, journeyman AtMo
Lair:2 2 transporters, hikkokomori's ghost, journeyman DgEE


Innate Abilities, Weirdness & Mutations

You are very small and have problems with some larger weapons.
You are too small for most types of armour.
You have supernaturally acute eyesight. (SInv)
You cover ground extremely quickly. (Speed+++)


Message History

You hit the slime creature.
You envenom the slime creature.
The slime creature is moderately wounded.
Your mana viper bites the slime creature!
The wavering orb of destruction hits the slime creature!!!
The slime creature is blown up!
Vehumet accepts your kill.
Your mana viper disappears in a puff of smoke!
HP restored.
You swap places.
There is a staircase to the Depths here.
There is an open door here.
Agnes the Wanderer comes into view.
She is wielding a +1 lajatang of pain.
Health restored: 85; MP restored: 32 Agnes is nearby!
Casting: Summon Mana Viper (dangerous; 3% risk of failure)
Confirm with . or Enter, or press ? or * to list all spells.
You feel a surge of power!
You begin to radiate toxic energy.
Agnes shouts!
Agnes is poisoned.
Agnes hits you with a +1 lajatang of pain!!
You writhe in agony.
Agnes drinks a potion.
Agnes is healed!
Agnes looks more healthy.
You take 24 damage, and have 61/85 hp.
MASSIVE DAMAGE!!
You now have 28/32 mp.
An efreet comes into view.
It is wielding a +2 scimitar of flaming.
Agnes is poisoned.
Agnes attacks as you move away! Agnes barely misses you.
Casting: Olgreb's Toxic Radiance (safe; 1% risk of failure)
Confirm with . or Enter, or press ? or * to list all spells.
You summon a servant imbued with your destructive magic!
Your toxic aura wanes.
Agnes misses you.
Agnes hits you with a +1 lajatang of pain!!!
You writhe in agony.
* * * LOW HITPOINT WARNING * * *
The efreet gestures at you. The bolt of fire misses you.
You take 40 damage, and have 22/85 hp.
MASSIVE DAMAGE!!
You now have 23/32 mp.
Agnes attacks as you move away!
Agnes hits you with a +1 lajatang of pain!!!
You die...

....# #.# ####
)...### #.### ......#
#.#.. ......# #.#.#
#. .....(# #.#.# #.
#...### #.#.# #.
....# ##.#.# #. ....#
#####.#..#### #.
).#.# #@i9.###....#
#. ..#.#
#.^......#..##.#####.
....#
#.##R######...#......
..### # #○#
#..#.≈.#.≈.##.
........ °..
#..#..9#...##.
#.###### ##.#
###.###'####.. ..#
..# ##...#...... ###
... #.≈.#.≈.#.# #.#
##...#9..#.#


You could see Agnes (poisoned, ally target), an efreet and a friendly
spellforged servitor (summoned).

Vanquished Creatures
  Rupert (Lair:5)
  Kirke (D:14)
  Louise (D:14)
  A dire elephant (D:15)
  Snorg (Orc:1)
  A fire dragon (D:10)
  Josephine (D:14)
  Harold (Orc:1)
  Fannar (Lair:2)
  A rakshasa (D:14)
  3 catoblepae (Lair:5)
  4 hydras
  2 two-headed ogres (D:13)
  A boulder beetle (D:14)
  3 centaur warriors
  2 dancing weapons (D:13)
  27 death yaks
  A skeletal warrior (D:15)
  Sonja (Lair:5)
  3 bog bodies (Lair:3)
  5 orc knights
  A lindwurm (Lair:3)
  2 deep elf pyromancers
  9 ugly things
  An orc sorcerer (D:10)
  A wolf spider (D:15)
  3 manticores
  5 cyclopes
  4 black mambas
  19 elephants
  20 cane toads
  Maggie (D:8)
  3 kobold demonologists
  2 unseen horrors
  8 komodo dragons
  A gargoyle (D:12)
  3 rime drakes
  A queen bee (Lair:1)
  2 meliai
  4 polar bears
  A hornet (D:11)
  12 trolls
  A blink frog (shapeshifter) (D:13)
  6 blink frogs
  3 shadows
  A vampire (D:14)
  Sigmund (D:2)
  10 slime creatures
  4 wraiths
  41 yaks
  2 water elementals (D:15)
  2 basilisks
  3 wyverns
  5 vampire mosquitoes
  5 hogs (D:14)
  Grum (D:11)
  Eustachio (D:4)
  A steam dragon (D:7)
  A swamp worm (Lair:3)
  8 wargs
  2 hell hounds (Lair:4)
  16 water moccasins
  4 acid dragons
  A sky beast (D:6)
  37 orc warriors
  6 ice beasts (D:8)
  2 black bears
  26 centaurs
  4 boggarts (D:15)
  5 ogres
  33 wolves
  4 kobold brigands
  7 bullfrogs
  3 scorpions
  2 gnoll sergeants
  22 wights
  2 troll zombies (D:10)
  51 killer bees
  7 howler monkeys
  3 electric eels
  A jelly (D:8)
  12 orc priests
  7 hounds
  2 sleepcaps
  An iguana (D:6)
  Ijyb (D:5)
  Natasha (D:4)
  24 orc wizards
  6 ogre zombies (D:10)
  10 gnolls
  3 adders
  2 shadow imps
  14 white imps
  An ufetubus (D:4)
  A dart slug (D:1)
  44 orcs
  2 endoplasms
  3 giant cockroaches (D:1)
  7 goblins
  5 hobgoblins
  13 jackals
  3 quokkas
  6 ball pythons
  6 bats
  3 frilled lizards
  A goblin skeleton (D:10)
  4 goblin zombies (D:10)
  2 hobgoblin skeletons (D:10)
  2 hobgoblin zombies (D:10)
  20 kobolds
  3 orc skeletons (D:10)
  13 orc zombies (D:10)
  4 rats
725 creatures vanquished.

Vanquished Creatures (collateral kills)
  Roxanne (D:14)
  A death knight (D:14)
  4 skeletal warriors
  A cyclops (D:15)
  2 ugly things (D:15)
  An efreet (D:15)
  5 slime creatures
  3 wraiths (D:14)
18 creatures vanquished.

Vanquished Creatures (others)
  A hound (D:7)
1 creature vanquished.

Grand Total: 744 creatures vanquished

Notes
Turn   | Place    | Note
-------+----------+-------------------------------------------
     0 | D:1      | jasper the Spriggan Venom Mage began the quest for the Orb.
     0 | D:1      | Reached XP level 1. HP: 9/9 MP: 5/5
   194 | D:1      | Reached XP level 2. HP: 13/13 MP: 2/6
   911 | D:1      | Reached XP level 3. HP: 16/16 MP: 4/8
   917 | D:1      | Learned a level 2 spell: Poisonous Vapours
   921 | D:1      | Learned a level 3 spell: Mephitic Cloud
  1305 | D:2      | Found a broken altar of Ashenzari.
  1533 | D:2      | Found Addies's Antique Armour Boutique.
  1846 | D:2      | Noticed Sigmund
  1879 | D:2      | Killed Sigmund
  1880 | D:2      | Reached XP level 4. HP: 16/21 MP: 2/9
  1880 | D:2      | Reached XP level 5. HP: 18/24 MP: 2/10
  2370 | D:3      | Noticed deremet's ghost (amateur GrEE)
  2370 | D:3      | Found a runed translucent door.
  2675 | D:3      | Reached XP level 6. HP: 28/28 MP: 6/11
  2680 | D:3      | Learned a level 4 spell: Olgreb's Toxic Radiance
  2757 | D:3      | Found a basalt altar of Yredelemnul.
  3302 | D:4      | Noticed Eustachio
  3315 | D:4      | Killed Eustachio
  3316 | D:4      | Reached skill level 1 in Air Magic
  3620 | D:4      | Reached skill level 1 in Conjurations
  4261 | D:4      | Noticed Natasha
  4268 | D:4      | Killed Natasha
  4373 | D:4      | Learned a level 2 spell: Blink
  4424 | D:4      | Found an ancient bone altar of Kikubaaqudgha.
  4431 | D:4      | Reached skill level 1 in Translocations
  4431 | D:4      | Reached XP level 7. HP: 31/32 MP: 9/13
  4586 | D:5      | Entered Level 5 of the Dungeon
  4765 | D:5      | Found a stormy altar of Qazlal.
  4803 | D:5      | Noticed Menkaure
  4818 | D:5      | Found a snail-covered altar of Cheibriados.
  4961 | D:5      | Reached skill level 3 in Dodging
  5072 | D:5      | Reached skill level 1 in Fighting
  5092 | D:5      | Found a shadowy altar of Dithmenos.
  5140 | D:5      | Reached skill level 4 in Dodging
  5344 | D:5      | Found a radiant altar of Vehumet.
  5357 | D:5      | Reached skill level 5 in Dodging
  5357 | D:5      | Reached XP level 8. HP: 39/39 MP: 9/15
  5374 | D:5      | Noticed Ijyb
  5375 | D:5      | Became a worshipper of Vehumet
  5388 | D:5      | Killed Ijyb
  5723 | D:6      | Reached skill level 6 in Dodging
  6037 | D:6      | Found a staircase to the Ecumenical Temple.
  6098 | D:6      | Reached skill level 5 in Stealth
  6488 | D:7      | Reached skill level 7 in Dodging
  6810 | D:7      | Found an ornate altar of the Wu Jian Council.
  7036 | D:7      | Reached XP level 9. HP: 46/46 MP: 9/16
  7220 | D:7      | Reached * piety under Vehumet
  7220 | D:7      | Offered knowledge of Shock by Vehumet.
  7432 | D:8      | Noticed a polar bear
  7470 | D:8      | Killed a polar bear
  7471 | D:8      | Reached skill level 8 in Dodging
  7514 | D:8      | Noticed a rime drake
  7524 | D:8      | Killed a rime drake
  7525 | D:8      | Reached skill level 5 in Fighting
  7554 | D:8      | Reached skill level 9 in Dodging
  7733 | D:8      | Found a staircase to the Lair.
  7853 | D:8      | Noticed Maggie
  7871 | D:8      | Killed Maggie
  7872 | D:8      | Reached skill level 10 in Dodging
  8130 | D:8      | Reached XP level 10. HP: 53/53 MP: 11/17
  8164 | D:9      | Found a transporter.
  8169 | D:9      | Found a transporter.
  8210 | D:9      | Found a runed translucent door.
  8216 | D:9      | Noticed gelatine's ghost (novice DsFi)
  8436 | D:9      | Found a transporter.
  8450 | D:9      | Found a transporter.
  8476 | D:9      | Reached skill level 11 in Dodging
  8496 | D:10     | Entered Level 10 of the Dungeon
  8542 | D:10     | Offered knowledge of Searing Ray by Vehumet.
  8546 | D:10     | Learned a level 2 spell: Searing Ray
  8607 | D:9      | Reached ** piety under Vehumet
  8753 | D:9      | Found a glowing silver altar of Zin.
  8970 | D:9      | Found a shimmering altar of Xom.
  9338 | D:8      | Reached skill level 5 in Conjurations
  9339 | D:8      | Offered knowledge of Ignite Poison by Vehumet.
  9351 | D:8      | Learned a level 3 spell: Ignite Poison
  9694 | D:7      | Reached skill level 1 in Fire Magic
 10080 | D:6      | Reached *** piety under Vehumet
 10711 | D:10     | Found a runed translucent gate.
 10711 | D:10     | Found a runed translucent gate.
 10711 | D:10     | Found a runed translucent gate.
 10713 | D:10     | Noticed ZoeForever1's ghost (novice DEFE)
 10714 | D:10     | Noticed samgaumpmail's ghost (journeyman TrGl)
 10714 | D:10     | Noticed SecretSquirrel's ghost (journeyman VSGl)
 10822 | D:10     | Reached skill level 5 in Spellcasting
 10822 | D:10     | Reached XP level 11. HP: 58/58 MP: 17/20
 10863 | D:10     | Found a shimmering blue altar of Sif Muna.
 10897 | D:10     | Offered knowledge of Volatile Blastmotes by Vehumet.
 10936 | D:10     | Found a bloodstained altar of Trog.
 10994 | D:10     | Identified the +2 robe of Maotru {-Tele rC+ Str+3}
 11008 | D:10     | Reached **** piety under Vehumet
 11025 | D:10     | Noticed an orc sorcerer
 11031 | D:10     | Killed an orc sorcerer
 11049 | D:10     | Found a staircase to the Orcish Mines.
 11151 | D:10     | Noticed a fire dragon
 11201 | D:10     | Offered knowledge of Fulminant Prism by Vehumet.
 11606 | Orc:1    | Entered Level 1 of the Orcish Mines
 11661 | Orc:1    | Noticed an orc knight
 11669 | Orc:1    | Killed an orc knight
 11742 | Orc:1    | Noticed Harold
 11748 | Orc:1    | Killed Harold
 11960 | Orc:1    | Noticed Snorg
 11967 | Orc:1    | Killed Snorg
 11977 | Orc:1    | Reached ***** piety under Vehumet
 12124 | Orc:2    | Entered Level 2 of the Orcish Mines
 12126 | Orc:2    | Offered knowledge of Irradiate by Vehumet.
 12128 | Orc:2    | Reached XP level 12. HP: 63/63 MP: 20/23
 12138 | Orc:2    | Learned a level 7 spell: Orb of Destruction
 12263 | Orc:2    | Found a staircase to the Elven Halls.
 12647 | Orc:2    | Reached skill level 10 in Conjurations
 12818 | Orc:2    | Found Tairao's Book Boutique.
 12818 | Orc:2    | Found Mabomag's Jewellery Shoppe.
 12820 | Orc:2    | Found Oboukkan's Antique Weapon Emporium.
 12822 | Orc:2    | Found Okygyolu's Armour Shop.
 12839 | Orc:2    | Noticed a centaur warrior
 12843 | Orc:2    | Killed a centaur warrior
 13632 | Lair:1   | Entered Level 1 of the Lair of Beasts
 14015 | Lair:1   | Found a transporter.
 14018 | Lair:1   | Found a bloodstained altar of Trog.
 14018 | Lair:1   | Noticed TittyCrusher's ghost (journeyman AtMo)
 14039 | Lair:1   | Found a transporter.
 14256 | Lair:1   | Reached XP level 13. HP: 67/67 MP: 21/26
 14308 | Lair:1   | Offered knowledge of Eringya's Noxious Bog by Vehumet.
 14645 | Lair:2   | Reached skill level 10 in Spellcasting
 14997 | Lair:2   | Noticed Fannar
 15003 | Lair:2   | Killed Fannar
 15031 | Lair:2   | Identified a scroll of acquirement
 15031 | Lair:2   | Acquired 1059 gold pieces
 15078 | Lair:2   | Found a transporter.
 15096 | Lair:2   | Reached skill level 12 in Dodging
 15238 | Lair:2   | Found a transporter.
 15267 | Lair:2   | Noticed hikkokomori's ghost (journeyman DgEE)
 15280 | Lair:2   | Found a one-way gate to the infinite horrors of the Abyss.
 15797 | Lair:3   | Reached skill level 13 in Dodging
 15888 | Lair:3   | Found a hole to the Spider Nest.
 15921 | Lair:3   | Reached skill level 14 in Dodging
 16031 | Lair:3   | Reached XP level 14. HP: 42/75 MP: 29/29
 16333 | Lair:3   | Found a staircase to the Swamp.
 16651 | Lair:3   | Reached skill level 15 in Dodging
 16824 | Lair:4   | Reached skill level 10 in Fighting
 17277 | Lair:4   | Found a dark tunnel.
 17526 | Lair:5   | Entered Level 5 of the Lair of Beasts
 17526 | Lair:5   | Found a viscous altar of Jiyva.
 17526 | Lair:5   | Found a staircase to the Slime Pits.
 17628 | Lair:5   | Noticed Rupert
 17638 | Lair:5   | Noticed Sonja
 17642 | Lair:5   | Killed Sonja
 17654 | Lair:5   | Offered knowledge of Arcjolt by Vehumet.
 17883 | Lair:5   | Killed Rupert
 18220 | Lair:5   | Learned a level 7 spell: Spellforged Servitor
 18606 | Lair:5   | Reached skill level 1 in Summonings
 18888 | Lair:5   | Reached XP level 15. HP: 85/85 MP: 30/30
 20023 | D:11     | Noticed Grum
 20028 | D:11     | Killed Grum
 20131 | D:11     | Reached skill level 5 in Summonings
 20446 | D:11     | Offered knowledge of Conjure Ball Lightning by Vehumet.
 20754 | D:12     | Found Weejeke's Book Emporium.
 20757 | D:12     | Found Mulachia's Antique Armour Shop.
 20797 | D:12     | Bought a glowing scarf for 272 gold pieces
 20817 | D:12     | Bought a book of the Wilderness for 532 gold pieces
 20838 | D:12     | Learned a level 5 spell: Summon Mana Viper
 20859 | D:12     | Reached skill level 1 in Hexes
 20869 | D:12     | Found Ponior's Magic Scroll Emporium.
 20877 | D:12     | Bought 2 scrolls of fog for 88 gold pieces
 20877 | D:12     | Bought a scroll of acquirement for 572 gold pieces
 20877 | D:12     | Bought a scroll of teleportation for 33 gold pieces
 20877 | D:12     | Acquired the staff of poison "Daoscher" {*Corrode rPois
                  | Int+6}
 21194 | D:12     | Found Kemane's Armour Shop.
 21343 | D:12     | Found Fompinn's Armour Shoppe.
 22324 | D:13     | Found a gate to the Vaults.
 22628 | D:14     | Noticed Josephine
 22635 | D:14     | Killed Josephine
 22736 | D:14     | Noticed Kirke
 22743 | D:14     | Killed Kirke
 22759 | D:14     | Learned a level 7 spell: Malign Gateway
 22861 | D:14     | Noticed Louise
 22867 | D:14     | Killed Louise
 23095 | D:14     | Noticed Roxanne
 23098 | D:14     | Reached ****** piety under Vehumet
 23104 | D:14     | Reached skill level 5 in Translocations
 23133 | D:14     | Killed Roxanne
 23133 | D:14     | Offered knowledge of Freezing Cloud by Vehumet.
 23600 | D:14     | Found a white marble altar of Elyvilon.
 23600 | D:14     | Found a glowing golden altar of the Shining One.
 23600 | D:14     | Found a glowing silver altar of Zin.
 23675 | D:15     | Entered Level 15 of the Dungeon
 24409 | D:15     | Found a staircase to the Depths.
 24461 | D:15     | Noticed Agnes
 24467 | D:15     | Demolished by Agnes

Illustrated notes

Levels and vault maps discovered:
D:1:      lightli_arrival_farm, layout_basic, serial_park_tiny_1
D:2:      layout_basic, serial_shops, shop, basic_altar, uniq_sigmund
D:3:      layout_basic, nicolae_overflow_crystal_walls,
          hellmonk_ghost_happy_afterlife, kennysheep_nondescript,
          minmay_misc_feat_rugged
D:4:      layout_loops_cross, nicolae_kikubaaqudgha_miasma_corner,
          serial_aquarium, aquarium_bridge_long_joined
          [aquarium_subvault_window, aquarium_subvault_bridge,
          aquarium_subvault_balcony, aquarium_subvault_bridge,
          aquarium_subvault_window, aquarium_subvault_wall], aquarium_window_1,
          aquarium_window_fake, aquarium_window_1, aquarium_window_fake,
          aquarium_view_2d, aquarium_balcony_double_4, uniq_natasha,
          uniq_eustachio
D:5:      layout_loops_ring, fiery_altar_vehumet,
          nicolae_qazlal_general_emergency, mainiacjoe_overflow_six_doors_small,
          cheibriados_altar_1, uniq_menkaure, uniq_ijyb
D:6:      layout_loops_ring, minmay_temple_entry_trees
D:7:      layout_basic, nzn_wu_jian_contemplation
D:8:      layout_loops_corners, hellmonk_lair_entry_icy, uniq_maggie
D:9:      layout_gridville, zin_statuary, kennysheep_mini,
          hellmonk_ghost_big_iron, nicolae_transporter_circle
D:10:     layout_loops_ring, trog_ov_bears_minmay,
          nicolae_sif_muna_condensation, zombieorc2_lemuel,
          gammafunk_ghost_cemetery, minmay_fractal_squares_gapless_7
D:11:     layout_loops_corners, uniq_grum
D:12:     layout_gridville, serial_shops, nicolae_shop_statue_plus, shop,
          nicolae_shop_stone, nicolae_shop_advertising_works
          [nicolae_subvault_shop_adworks], nicolae_shop_hallway_plus
D:13:     layout_long_grid, erik_vaults_1
D:14:     layout_loops_cross, good_gods_mini_temple, uniq_josephine,
          uniq_louise, uniq_kirke, uniq_roxanne
D:15:     hangedman_depths_entry_try_elsewhere_first, layout_loops_ring,
          minivault_14, water_maze_lemuel, uniq_agnes
Lair:1:   layout_roguey [special_room_bee], gammafunk_ghost_wrathful_warriors,
          infiniplex_staircase_pool, grunt_megastairs_3
Lair:2:   layout_roguey, gammafunk_ghost_abyssal_escape,
          chequers_serial_rivers_small_3, uniq_fannar
Lair:3:   beast_lair_carwin_large_3, layout_chaotic_city,
          nicolae_swamp_entry_splash_gauntlet,
          hellmonk_spider_entry_not_the_bees, cheibrodos_lair_reptile_den,
          lemuel_fruit_tree
Lair:4:   layout_loops_ring, enter_volcano_3
Lair:5:   evilmike_catoblepas_cave, layout_loops_ring, slime_entry_1,
          uniq_rupert, uniq_sonja
Orc:1:    layout_diamond_mine, hangedman_feature_mirror, uniq_harold, uniq_snorg
Orc:2:    st_orc_rangers, layout_caves, basic_altar, portal_ice_cave_entry_imps,
          nooodl_orcs_dogs

Skill      XL: |  1  2  3  4  5  6  7  8  9 10 11 12 13 14 15 |
---------------+----------------------------------------------+-----
Poison Magic   | 4 6 7 |  7.0
Spellcasting   | 3 4 5 6 8 10 12 | 12.2
Air Magic      | 2 |  2.0
Conjurations   | 1 2 6 9 12 | 12.0
Translocations | 1 2 7 |  7.8
Dodging        | 5 7 10 11 14 15 | 15.2
Fighting       | 2 4 6 7 9 12 | 12.3
Stealth        | 6 8 |  8.0
Fire Magic     | 2 |  2.0
Summonings     | 3 7 |  7.5
Hexes          | 3 |  3.1
Transmutations | |  1.3

Action                     |  1- 3 |  4- 6 |  7- 9 | 10-12 | 13-15 || total
---------------------------+-------+-------+-------+-------+-------++-------
  Melee: Short sword       |     5 |       |       |       |       ||     5
         Rapier            |       |     6 |    44 |     2 |       ||    52
         Staff             |       |       |       |    29 |    44 ||    73
         Long sword        |       |       |       |     4 |       ||     4
         Punch             |       |       |       |     1 |       ||     1
   Cast: Sting             |    69 |    50 |   190 |    10 |       ||   319
         Poisonous Vapours |    12 |    21 |    44 |    50 |       ||   127
         Olgreb's Toxic Ra |       |       |    15 |    77 |   143 ||   235
         Mephitic Cloud    |       |       |     1 |     5 |     2 ||     8
         Searing Ray       |       |       |       |    81 |    25 ||   106
         Ignite Poison     |       |       |       |    87 |   147 ||   234
         Blink             |       |       |       |     4 |       ||     4
         Orb of Destructio |       |       |       |     3 |   128 ||   131
         Spellforged Servi |       |       |       |       |    10 ||    10
         Summon Mana Viper |       |       |       |       |     8 ||     8
  Evoke: Wand              |       |       |     8 |     4 |       ||    12
         Lightning rod     |       |       |       |     2 |       ||     2
    Use: Scroll            |     8 |     5 |     5 |     2 |    13 ||    33
         Potion            |       |       |       |     1 |       ||     1
   Stab: Sleeping          |       |       |     3 |       |     1 ||     4
         Distracted        |       |       |     1 |       |       ||     1
         Paralysed         |       |       |       |     2 |       ||     2
 Armour: Robe              |     2 |       |    14 |       |       ||    16
         Steam dragon scal |       |       |     9 |    25 |    16 ||    50
  Dodge: Dodged            |    18 |    26 |   177 |   251 |   240 ||   712

Table legend: (Time is in decaauts)
 A = Elapsed time spent in this place.
 B = Non-inter-level travel time spent in this place.
 C = Inter-level travel time spent in this place.
 D = Time resting spent in this place.
 E = Time spent auto-exploring this place.
 F = Levels seen in this place.
 G = Mean time per level.
                   A        B        C        D        E       F      G
               +--------+--------+--------+--------+--------+-----+--------+
         Total |  18632 |  17932 |    700 |    846 |  13707 |  22 |  846.9 |
       Dungeon |  12946 |  12399 |    547 |    827 |   9261 |  15 |  863.1 |
          Lair |   4161 |   4056 |    105 |      9 |   3306 |   5 |  832.2 |
  Orcish Mines |   1523 |   1476 |     47 |     10 |   1140 |   2 |  761.5 |
               +--------+--------+--------+--------+--------+-----+--------+

Top non-repeatable levels by time:
  Lair:5: 1213 daAuts
    D:10: 1135 daAuts
   Orc:2: 1107 daAuts
     D:8: 1103 daAuts
     D:4: 1047 daAuts
     D:1: 1033 daAuts
     D:5: 946 daAuts
     D:7: 935 daAuts
  Lair:3: 888 daAuts
    D:11: 865 daAuts
     D:6: 826 daAuts
     D:2: 812 daAuts
    D:13: 804 daAuts
    D:14: 774 daAuts
  Lair:1: 765 daAuts
